 Dungeon Crawl Stone Soup version 0.23-a0-639-ga9a3373 (webtiles) character file.

5866 mhoghedin the Nimble (level 11, -1/102 (106) HPs)
             Began as a Kobold Berserker on Dec 29, 2018.
             Was a High Priest of Trog.
             Slain by a yak (10 damage)
             ... on level 9 of the Dungeon on Dec 30, 2018.
             The game lasted 00:23:44 (10874 turns).

mhoghedin the Nimble (Kobold Berserker)            Turns: 10874, Time: 00:23:45

HP:   -1/102 (106)  AC: 25    Str: 18    XL:     11   Next: 8%
MP:   12/12         EV:  3    Int:  8    God:    Trog [*****.]
Gold: 809           SH:  0    Dex: 15    Spells: 10/10 levels left

rFire    . . .     SeeInvis .   a - +1 mace
rCold    + . .     Gourm    .   (shield restricted)
rNeg     + + +     Faith    .   (armour currently unavailable)
rPois    +         Spirit   .   (helmet currently unavailable)
rElec    .         Reflect  .   (cloak currently unavailable)
rCorr    .         Harm     .   (gloves currently unavailable)
MR       .....     NoTele   +   (boots currently unavailable)
Stlth    +.........             (no amulet)
HPRegen  0.00/turn              j - ring of protection from cold {rC+, !d}
MPRegen  0.13/turn              l - ring of poison resistance {rPois, !d}

@: tree-form, berserk cooldown
A: small, carnivore, high mp 1, inhibited regeneration
a: Berserk, Trog's Hand, Brothers in Arms, Renounce Religion


You were on level 9 of the Dungeon.
You worshipped Trog.
Trog was extremely pleased with you.
You were not hungry.
You were a tree.
You visited 1 branch of the dungeon, and saw 9 of its levels.

You collected 809 gold pieces.

Inventory:

Hand Weapons
 a - a +1 mace (weapon)
Missiles
 i - a throwing net {=f, !d}
Armour
 f - a +0 plate armour (melded)
   (You found it on level 1 of the Dungeon)
 v - a +2 pair of gloves (melded)
   (You found it on level 8 of the Dungeon)
Jewellery
 j - a ring of protection from cold (left branch) {rC+, !d}
   (You found it on level 2 of the Dungeon)
 l - a ring of poison resistance (right branch) {rPois, !d}
   (You found it on level 7 of the Dungeon)
 r - an uncursed ring of flight {+Fly, !d}
   (You found it on level 7 of the Dungeon)
Wands
 q - a wand of random effects (9)
   (You found it on level 7 of the Dungeon)
 u - a wand of iceblast (8)
   (You found it on level 8 of the Dungeon)
Scrolls
 d - 3 scrolls of magic mapping {!r}
 g - 3 scrolls of remove curse
 h - 8 scrolls of teleportation
 k - a scroll of enchant weapon
 o - a scroll of fog
 w - a scroll of identify
Potions
 b - 3 potions of curing
 e - a potion of brilliance
 m - 2 potions of lignification {!q}
 n - 2 potions of invisibility
 p - a potion of cancellation {unknown}
 s - 2 potions of flight
 t - a potion of might {unknown}
 x - a potion of haste {unknown}
Comestibles
 c - 14 rations


   Skills:
 + Level 9.3 Fighting
 + Level 7.9 Maces & Flails
 + Level 6.7 Armour
 + Level 9.9 Dodging


You had 10 spell levels left.
You didn't know any spells.
Your spell library was empty.

Dungeon Overview and Level Annotations

Branches:
Dungeon (9/15)             Temple (0/1) D:5
   Lair: D:8-11         Orc: D:9-12

Altars:
Cheibriados
Gozag
Okawaru
Qazlal
Ru
Xom
Yredelemnul

Shops:
D:5 %   D:9 =


Innate Abilities, Weirdness & Mutations

You are small and have problems with some larger weapons.
You are carnivorous and can eat meat at any time.
((You are partially covered in icy blue scales. (AC +2)))
You have an increased reservoir of magic. (+10% MP)
You do not regenerate when monsters are visible.


Message History

You shout for attention!
A yak comes into view. x2; A scorpion comes into view.
You recover from your berserk rage.
A red film seems to cover your vision as you go berserk!
You feel yourself moving faster!
You feel mighty!
You feel quite a bit more hungry. The yak barely misses you.
You now have 94/94 hp.
You thump the yak! You sock the yak! The yak barely misses you.
Your plate armour prevents you from hitting the yak.
The yak barely misses you.
You barely miss the yak. You sock the yak! The yak gores you!
You take 8 damage, and have 86/94 hp.
You thump the yak! The yak gores you but does no damage.
The yak bellows!
You bludgeon the yak!!
You kill the yak!
Trog accepts your kill.
You have reached level 11!
You regained 7 hp, and now have 93/102 hp.
MP restored: 12 You sock the yak!
The yak gores you but does no damage.
You sock the yak! You sock the yak! The yak gores you but does no damage.
You thump the yak!
You kill the yak!
Trog accepts your kill.
You sock the scorpion!
You are no longer berserk.
Trog's vigour flows through your veins.
You are exhausted.
You feel yourself slow down.
The scorpion stings you but does no damage.
You now have 62/68 hp.
You thump the scorpion!
You kill the scorpion!
Trog accepts your kill. The yak barely misses you.
Your plate armour prevents you from hitting the yak.
The yak completely misses you.
You hit the yak.
The yak gores you but does no damage. x2
Your plate armour prevents you from hitting the yak.
The yak completely misses you.
You hit the yak.
The yak gores you but does no damage. x2
You hit the yak. The yak closely misses you.
You hit the yak. The yak gores you. The yak completely misses you.
You take 2 damage, and have 60/68 hp.
You hit the yak. The yak gores you but does no damage.
You hit the yak. The yak gores you. The yak gores you but does no damage.
You take 5 damage, and have 55/68 hp.
You hit the yak. The yak closely misses you.
You hit the yak. The yak barely misses you. x2
You hit the yak. The yak closely misses you.
You barely miss the yak. The yak barely misses you. The yak gores you.
You take 2 damage, and have 53/68 hp.
You barely miss the yak. The yak gores you but does no damage.
You closely miss the yak. The yak gores you! The yak gores you.
You take 13 damage, and have 40/68 hp.
You barely miss the yak. The yak gores you but does no damage.
You closely miss the yak. The yak gores you! x2
You take 19 damage, and have 21/68 hp.
MASSIVE DAMAGE!!
Okay, then.
Unknown command.
Unknown command.
Okay, then.
Unknown command.
Really quaff
m - 3 potions of lignification {!q}?
You turn into a tree.
Your +2 pair of gloves melds into your body.
Your +0 plate armour melds into your body.
Your roots penetrate the ground.
The yak gores you!
* * * LOW HITPOINT WARNING * * *
You now have 24/102 hp.
You hit the yak but do no damage. The yak gores you.
* * * LOW HITPOINT WARNING * * *
The yak gores you but does no damage.
You take 2 damage, and have 22/102 hp.
You hit the yak. The yak gores you but does no damage.
You hit the yak. The yak gores you but does no damage. The yak gores you.
* * * LOW HITPOINT WARNING * * *
You take 1 damage, and have 21/102 hp.
You hit the yak but do no damage.
The yak gores you but does no damage. x2
You hit the yak but do no damage. The yak gores you but does no damage.
You hit the yak but do no damage. The yak gores you but does no damage.
The yak gores you!
* * * LOW HITPOINT WARNING * * *
You sock the yak!
You kill the yak!
Trog accepts your kill. The yak gores you.
* * * LOW HITPOINT WARNING * * *
You barely miss the yak. The yak gores you but does no damage.
You hit the yak.
You feel yourself speed up. The yak gores you but does no damage.
The yak gores you.
* * * LOW HITPOINT WARNING * * *
You hit the yak but do no damage. The yak gores you!
You die...

.................#
.................#
.................#
.................#
#####............#
#####............#
.................#
................[#
.......#########♣#
#####..# #Y#
#####..#########.#
.........>.......#
.................#
.#####..########.#
.#####..########.#
.................#
.................#


You could see a yak.

Vanquished Creatures
  4 gargoyles (D:7)
  3 yaks (D:9)
  A human (D:7)
  4 hogs (D:7)
  A hungry ghost (D:8)
  A water moccasin (D:9)
  2 ice beasts
  A black bear (D:8)
  A phantom (D:4)
  3 necrophages (D:6)
  4 ogres
  2 centaurs
  3 big kobolds
  6 bullfrogs
  3 scorpions
  3 electric eels (D:6)
  3 crimson imps
  A quasit (D:6)
  A jelly (D:5)
  4 hounds
  An orc priest (D:9)
  A bullfrog skeleton (D:7)
  2 centaur skeletons (D:4)
  5 iguanas
  6 worker ants
  3 orc wizards
  A hound skeleton (D:9)
  17 gnolls
  8 adders
  A shadow imp (D:5)
  3 oozes
  3 worms
  2 dart slugs (D:1)
  7 leopard geckos
  15 orcs
  10 giant cockroaches
  30 goblins
  27 hobgoblins
  8 jackals
  22 kobolds
  3 quokkas (D:6)
  2 ball pythons (D:4)
  6 bats
  4 frilled lizards
  11 rats
  A spectral orc (D:3)
250 creatures vanquished.

Vanquished Creatures (collateral kills)
  A gargoyle (D:7)
1 creature vanquished.

Grand Total: 251 creatures vanquished

Notes
Turn   | Place    | Note
-------+----------+-------------------------------------------
     0 | D:1      | mhoghedin the Kobold Berserker began the quest for the Orb.
     0 | D:1      | Reached XP level 1. HP: 14/14 MP: 1/1
    27 | D:1      | HP: 4/21 [jackal (3)]
    28 | D:1      | HP: 1/21 [jackal (3)]
   155 | D:1      | Reached XP level 2. HP: 8/19 MP: 2/2
   564 | D:1      | Reached skill level 3 in Maces & Flails
   628 | D:1      | Reached skill level 3 in Dodging
   679 | D:1      | Reached XP level 3. HP: 24/24 MP: 3/3
  1170 | D:2      | Reached ** piety under Trog
  1304 | D:2      | HP: 6/24 [poisoned by an adder]
  1309 | D:2      | HP: 4/24 [adder (2)]
  1315 | D:1      | HP: 2/24 [poisoned by an adder]
  1321 | D:1      | Reached XP level 4. HP: 10/29 MP: 4/4
  1497 | D:2      | HP: 3/43 [gnoll/+0 flail (9)]
  1499 | D:1      | Reached skill level 2 in Armour
  1499 | D:1      | HP: 1/43 [gnoll/+0 halberd (2)]
  1503 | D:1      | Reached skill level 4 in Fighting
  1951 | D:2      | Found a shimmering altar of Xom.
  2358 | D:3      | Reached XP level 5. HP: 31/33 MP: 5/5
  2667 | D:3      | Found a faded altar of an unknown god.
  2727 | D:3      | Reached skill level 4 in Dodging
  2731 | D:3      | Reached XP level 6. HP: 39/39 MP: 6/6
  2993 | D:3      | Found a snail-covered altar of Cheibriados.
  3087 | D:3      | Found a basalt altar of Yredelemnul.
  3329 | D:4      | Reached skill level 4 in Maces & Flails
  3549 | D:4      | Reached *** piety under Trog
  3750 | D:4      | Noticed a phantom
  3780 | D:4      | Reached skill level 5 in Fighting
  3780 | D:4      | Reached skill level 3 in Armour
  3780 | D:4      | Reached XP level 7. HP: 44/44 MP: 7/7
  3790 | D:4      | Reached skill level 5 in Dodging
  4093 | D:4      | Found a sacrificial altar of Ru.
  4455 | D:4      | Reached XP level 8. HP: 49/50 MP: 8/8
  4495 | D:5      | Entered Level 5 of the Dungeon
  4528 | D:5      | Found a staircase to the Ecumenical Temple.
  4613 | D:5      | Found an iron altar of Okawaru.
  4641 | D:5      | Found Ozalen's Food Shop.
  4710 | D:5      | Found a stormy altar of Qazlal.
  5930 | D:5      | Reached skill level 6 in Fighting
  6176 | D:6      | Reached skill level 5 in Maces & Flails
  6176 | D:6      | Reached skill level 6 in Dodging
  6181 | D:6      | Gained mutation: You have an increased reservoir of magic.
                  | (+10% MP) [potion of mutation]
  6181 | D:6      | Gained mutation: You do not regenerate when monsters are
                  | visible. [potion of mutation]
  6181 | D:6      | Gained mutation: You are partially covered in icy blue
                  | scales. (AC +2) [potion of mutation]
  6218 | D:6      | Reached skill level 4 in Armour
  6362 | D:6      | Found an opulent altar of Gozag.
  6709 | D:6      | Reached **** piety under Trog
  6751 | D:6      | Reached XP level 9. HP: 30/56 MP: 9/9
  7100 | D:6      | Reached skill level 7 in Dodging
  7324 | D:6      | Reached skill level 7 in Fighting
  7625 | D:6      | Reached ***** piety under Trog
  7942 | D:7      | Reached skill level 6 in Maces & Flails
  8187 | D:7      | Reached skill level 5 in Armour
  8215 | D:7      | Noticed a gargoyle
  8218 | D:7      | HP: 12/54 [gargoyle/+0 dire flail (12)]
  8223 | D:7      | Killed a gargoyle
  8459 | D:7      | Noticed a gargoyle
  8465 | D:7      | Killed a gargoyle
  8471 | D:7      | Noticed a gargoyle
  8510 | D:7      | Reached skill level 8 in Dodging
  8805 | D:7      | Reached XP level 10. HP: 61/61 MP: 11/11
  8812 | D:7      | Reached skill level 8 in Fighting
  9225 | D:7      | Reached skill level 7 in Maces & Flails
  9317 | D:7      | Noticed a gargoyle
  9355 | D:7      | Killed a gargoyle
  9355 | D:7      | Reached skill level 6 in Armour
  9410 | D:7      | Noticed a gargoyle
  9424 | D:7      | Killed a gargoyle
  9424 | D:7      | Reached skill level 9 in Dodging
  9465 | D:7      | Noticed a gargoyle
  9474 | D:7      | Killed a gargoyle
 10020 | D:8      | Reached skill level 9 in Fighting
 10355 | D:9      | Found Fitzikhi's Jewellery Shoppe.
 10841 | D:9      | Reached XP level 11. HP: 68/68 MP: 12/12
 10864 | D:9      | HP: 24/102 [yak (7)]
 10870 | D:9      | HP: 11/102 [yak (10)]
 10874 | D:9      | Slain by a yak

Vault maps used:
D:1:      roderic_chinese_lattice_arrival
D:2:      lemuel_crystal_altar, kennysheep_generic_room_6
D:3:      yredelemnul_forgotten_temple_becter, chequers_ecumenical_altar_simple,
          first_ration, cheibriados_altar_1
D:4:      lemuel_round_altar
D:5:      grunt_qazlal_sundering, okawaru_metal_pillars_1_2,
          minmay_temple_entry_antechambers, serial_shops, kennysheep_little_box
D:6:      minmay_goblin_kobold_castle, grunt_gozag_breadcrumbs
D:7:      cheibrodos_statue_roulette, grunt_livestock
D:9:      lemuel_blue_sif_altar, serial_shops, shop_coins, basic_altar,
          xom_teletrap_fun

Skill      XL: |  1  2  3  4  5  6  7  8  9 10 |
---------------+-------------------------------+-----
Maces & Flails | 3 4 5 6 7 |  7.9
Dodging        | 3 4 5 6 8 9 |  9.9
Armour         | 2 3 4 5 6 |  6.7
Fighting       | 4 5 6 7 9 |  9.3

Action                   |  1- 3 |  4- 6 |  7- 9 | 10-12 || total
-------------------------+-------+-------+-------+-------++-------
Melee: Mace              |   100 |   230 |   539 |   321 ||  1190
Invok: Berserk           |     2 |     6 |    10 |     5 ||    23
       Trog's Hand       |     1 |     1 |       |     1 ||     3
       Brothers in Arms  |       |       |     1 |       ||     1
Evoke: Wand              |       |       |     7 |       ||     7
  Use: Scroll            |     1 |     8 |     7 |     1 ||    17
       Potion            |     1 |       |     6 |     1 ||     8
 Stab: Sleeping          |     1 |       |       |       ||     1
  Eat: Chunk             |     2 |    18 |    19 |    12 ||    51
       Ration            |       |     1 |     4 |     2 ||     7
Armor: Plate armour      |    48 |   144 |   346 |   148 ||   686
       Skin              |       |       |     9 |     9 ||    18
Dodge: Dodged            |    54 |   105 |   294 |   160 ||   613

Table legend:
 A = Non-vault XP
 B = Vault XP
 C = Vault XP percentage of total XP
 D = Non-vault monster count
 E = Vault monster count
 F = Vault count percentage of total count
                 A         B        C        D         E       F
            +---------+---------+-------+---------+---------+-------
      Total |    5196 |    3184 |  38.0 |     181 |      70 |  27.9
            +---------+---------+-------+---------+---------+-------
        D:1 |      85 |       0 |   0.0 |      29 |       0 |   0.0
        D:2 |      47 |       0 |   0.0 |      17 |       0 |   0.0
        D:3 |     178 |       1 |   0.6 |      29 |       1 |   3.3
        D:4 |     699 |       0 |   0.0 |      31 |       0 |   0.0
        D:5 |     323 |       0 |   0.0 |      10 |       0 |   0.0
        D:6 |    1032 |     287 |  21.8 |      24 |      59 |  71.1
        D:7 |     594 |    2896 |  83.0 |      12 |      10 |  45.5
        D:8 |    1030 |       0 |   0.0 |      16 |       0 |   0.0
        D:9 |    1208 |       0 |   0.0 |      13 |       0 |   0.0
            +---------+---------+-------+---------+---------+-------

Vault maps used:
D:1:      roderic_chinese_lattice_arrival
D:2:      lemuel_crystal_altar, kennysheep_generic_room_6
D:3:      yredelemnul_forgotten_temple_becter, chequers_ecumenical_altar_simple,
          first_ration, cheibriados_altar_1
D:4:      lemuel_round_altar
D:5:      grunt_qazlal_sundering, okawaru_metal_pillars_1_2,
          minmay_temple_entry_antechambers, serial_shops, kennysheep_little_box
D:6:      minmay_goblin_kobold_castle, grunt_gozag_breadcrumbs
D:7:      cheibrodos_statue_roulette, grunt_livestock
D:9:      lemuel_blue_sif_altar, serial_shops, shop_coins, basic_altar,
          xom_teletrap_fun

Table legend:
 A = Turns spent in this place as a percentage of turns spent in the entire game.
 B = Non-inter-level travel turns spent in this place as a percentage of non-inter-level travel turns spent in the entire game.
 C = Inter-level travel turns spent in this place as a percentage of turns spent in this place.
 D = Turns resting spent in this place as a percentage of non-inter-level travel turns spent in this place.
 E = Turns spent auto-exploring this place as a percentage of non-inter-level travel turns spent in this place.
 F = Non-inter-level travel turns spent in this place divided by the number of levels of this place that you've seen.
                   A       B       C       D       E      F
               +-------+-------+-------+-------+-------+----------------------
         Total | 100.0 | 100.0 |   0.8 |  35.7 |  41.1 | 1198.2
       Dungeon | 100.0 | 100.0 |   0.8 |  35.7 |  41.1 | 1198.2
               +-------+-------+-------+-------+-------+----------------------

Table legend:
 A = Kills in this place as a percentage of kills in entire the game.
 B = Kills by you in this place as a percentage of kills by you in the entire game.
 C = Kills by friends in this place as a percentage of kills by friends in the entire game.
 D = Other kills in this place as a percentage of other kills in the entire game.
 E = Experience gained in this place as a percentage of experience gained in the entire game.
 F = Experience gained in this place divided by the number of levels of this place that you have seen.
                   A       B       C       D       E      F
               +-------+-------+-------+-------+-------+----------------------
         Total | 100.0 | 100.0 | 100.0 |   N/A | 100.0 | 931.1
       Dungeon | 100.0 | 100.0 | 100.0 |   N/A | 100.0 | 931.1
               +-------+-------+-------+-------+-------+----------------------
